 Dungeon Crawl Stone Soup version 0.30-a0-883-g5ad918d77d (webtiles) character file.

Game seed: 13290791691363216624

35 lunkers the Slasher (level 3, -5/31 HPs)
             Began as a Meteoran Fighter on Mar 15, 2023.
             Killed from afar by Natasha (7 damage)
             ... with a magic dart
             ... on level 2 of the Dungeon.
             The game lasted 00:00:56 (544 turns).

lunkers the Slasher (Meteoran Fighter)               Turns: 544, Time: 00:00:57

Health: -5/31      AC:  6    Str: 17    XL:     3   Next: 76%
Magic:  4/4        EV:  9    Int:  9    God:
Gold:   71         SH:  5    Dex: 16    Spells: 2/2 levels left

rFire   . . .      SeeInvis .    a - +0 long sword
rCold   . . .      Faith    .    c - +0 buckler
rNeg    . . .      Spirit   .    b - +0 scale mail
rPois   .          Reflect  .    (no helmet)
rElec   .          Rampage  .    (no cloak)
rCorr   .                        (no gloves)
Will    .....                    (no boots) Stlth
                                 (no amulet)
HPRegen 0.25/turn                (no ring)
MPRegen 0.09/turn                (no ring)

@: slowed, glowing, very slow
A: sense surroundings 1, otherworldly, glowing, explore regen
a: no special abilities


You were on level 2 of the Dungeon.
You visited 1 branch of the dungeon, and saw 2 of its levels.

You collected 71 gold pieces.

Inventory:

Hand Weapons
 a - a +0 long sword (weapon)
Armour
 b - a +0 scale mail (worn)
 c - a +0 buckler (worn)
Scrolls
 e - 3 scrolls of teleportation {unknown}
 g - a scroll of blinking {unknown}
 h - 4 scrolls of identify {unknown}
 i - a scroll of vulnerability {unknown}
 l - a scroll of fear {unknown}
Potions
 d - a potion of might
 f - a potion of ambrosia {unknown}
 j - a potion of curing {unknown}
 k - a potion of heal wounds {unknown}


   Skills:
 - Level 3.2 Fighting
 + Level 4.4 Long Blades
 - Level 3.6 Armour
 - Level 3.6 Shields


You had 2 spell levels left.
You didn't know any spells.
Your spell library contained the following spells:

 Spells                   Type           Power      Damage    Failure   Level
 Blink                    Tloc           0%         N/A       95%         2
 Lesser Beckoning         Tloc           0%         N/A       95%         2
 Momentum Strike          Conj/Tloc      0%         3d8       95%         2


Dungeon Overview and Level Annotations

Branches:
Dungeon (2/15) Zot: 623

Altars:

Annotations:
D:1 1 transporter
D:2 Natasha


Innate Abilities, Weirdness & Mutations

You passively map a small area around you.
You are easily found by Zot.
You glow in the dark.
You regain HP and MP as you explore.


Message History

You barely miss Natasha. Natasha barely misses you. Natasha claws you.
You closely miss Natasha. You block Natasha's attack. x2
You closely miss Natasha. Natasha claws you.
You hit Natasha but do no damage. Natasha claws you.
* * * LOW HITPOINT WARNING * * *
You block Natasha's attack.
You are too injured to fight recklessly!
You hit Natasha but do no damage. Natasha claws you but does no damage.
Natasha misses you.
You hit Natasha.
Natasha is lightly wounded.
Natasha wildly gestures.
Natasha glows brightly for a moment.
Natasha claws you!
* * * LOW HITPOINT WARNING * * *
Natasha barely misses you.
You closely miss Natasha.
Natasha is lightly wounded.
Natasha claws you but does no damage.
Natasha stares at you and mumbles some strange words.
The magic dart hits you.
* * * LOW HITPOINT WARNING * * *
You hit Natasha.
Natasha is moderately wounded.
You block Natasha's attack. Natasha claws you but does no damage.
You hit Natasha but do no damage.
Natasha is moderately wounded.
Natasha claws you.
* * * LOW HITPOINT WARNING * * *
Natasha mumbles some strange words.
You hit Natasha but do no damage.
Natasha is moderately wounded.
Natasha claws you but does no damage.
You hit Natasha but do no damage.
Natasha is moderately wounded.
Natasha claws you.
* * * LOW HITPOINT WARNING * * *
Natasha casts a spell at you. The magic dart hits you!
You die...

* , * * ,, , *
* ### *
#.#.>.########
*
#.....h@.....#
>.....5#####.#
#......* #.#
....... #.#
....##. #.#
...# #.#####.#
* #.#
#.......# #.*
####.#### #.#


You could see Natasha and a shadow imp (summoned).

Vanquished Creatures
  3 dart slugs (D:1)
  An endoplasm (D:1)
  2 giant cockroaches (D:1)
  2 hobgoblins (D:1)
  3 kobolds
  2 quokkas (D:1)
  2 ball pythons (D:1)
  A bat (D:2)
  A frilled lizard (D:1)
  6 goblins (D:1)
  2 rats
25 creatures vanquished.

Notes
Turn   | Place    | Note
-------+----------+-------------------------------------------
     0 | D:1      | lunkers the Meteoran Fighter began the quest for the Orb.
     0 | D:1      | Reached XP level 1. HP: 19/19 MP: 2/2
   111 | D:1      | Reached skill level 3 in Long Blades
   111 | D:1      | Reached XP level 2. HP: 26/26 MP: 3/3
   236 | D:1      | Reached XP level 3. HP: 31/31 MP: 4/4
   259 | D:1      | Reached skill level 4 in Long Blades
   530 | D:2      | Noticed Natasha
   544 | D:2      | Killed from afar by Natasha

Illustrated notes

Levels and vault maps discovered:
D:1:      spicycebolla_arrival_risky_transporter, layout_loops_ring,
          st_stairs_13
D:2:      layout_loops_corners, serial_shops, nicolae_shop_trees,
          wad_floor_pattern_2, minmay_pentomino_q2, uniq_natasha, uniq_robin

Skill      XL: |  1  2  3 |
---------------+----------+-----
Long Blades    | 3 4 |  4.4
Fighting       | |  3.2
Armour         | |  3.6
Shields        | |  3.6

Action                     || total
---------------------------++-------
  Melee: Long sword        ||    92
 Armour: Scale mail        ||    40
  Dodge: Dodged            ||    27
  Block: Buckler           ||    16

Table legend: (Time is in decaauts)
 A = Elapsed time spent in this place.
 B = Non-inter-level travel time spent in this place.
 C = Inter-level travel time spent in this place.
 D = Time resting spent in this place.
 E = Time spent auto-exploring this place.
 F = Levels seen in this place.
 G = Mean time per level.
                   A        B        C        D        E       F      G
               +--------+--------+--------+--------+--------+-----+--------+
         Total |    574 |    574 |      0 |      0 |    381 |   2 |  287.0 |
       Dungeon |    574 |    574 |      0 |      0 |    381 |   2 |  287.0 |
               +--------+--------+--------+--------+--------+-----+--------+

Top non-repeatable levels by time:
     D:1: 452 daAuts
     D:2: 121 daAuts
